 Dungeon Crawl Stone Soup version 0.28-a0-723-g095bd1b44f (webtiles) character file.

Game seed: 14518535215180258178

2629 ytrimaz the Reanimator (level 9, 0/51 HPs)
             Began as a Demonspawn Necromancer on Oct 25, 2021.
             Was a Priest of Okawaru.
             Slain by Harold (15 damage)
             ... on level 7 of the Dungeon.
             The game lasted 00:15:52 (9915 turns).

ytrimaz the Reanimator (Demonspawn Necromancer)     Turns: 9915, Time: 00:15:53

Health: 0/51       AC:  3    Str:  8    XL:     9   Next: 35%
Magic:  10/19      EV: 12    Int: 20    God:    Okawaru [***...]
Gold:   328        SH:  0    Dex: 14    Spells: 18/22 levels left

rFire   . . .      SeeInvis .   e - +2 dagger (freeze)
rCold   . . .      Faith    .   (no shield)
rNeg    . . .      Spirit   .   a - +0 robe
rPois   .          Reflect  .   (no helmet)
rElec   +          Harm     .   (no cloak)
rCorr   .          Rampage  .   (no gloves)
Will    .....                   u - +0 pair of boots "Lujisaume" {rElec}
Stlth   ++........              (no amulet)
HPRegen 0.17/turn               (no ring)
MPRegen 0.16/turn               (no ring)

@: no status effects
A: (demonic guardian 2), sturdy frame 2, demonic magic 2, frail 1, mutation
resistance 1, MP-powered wands
a: Renounce Religion, Heroism


You were on level 7 of the Dungeon.
You worshipped Okawaru.
Okawaru was most pleased with you.
You visited 1 branch of the dungeon, and saw 7 of its levels.

You collected 328 gold pieces.

Inventory:

Hand Weapons
 e - a +2 dagger of freezing (weapon)
 i - a +0 spectral dagger
Missiles
 h - 2 curare-tipped darts
Armour
 a - a +0 robe (worn)
 u - the +0 pair of boots "Lujisaume" (worn) {rElec}
   (You found it on level 6 of the Dungeon)

   rElec:     It insulates you from electricity.
Jewellery
 v - an amulet of faith
Wands
 c - a wand of polymorph (2)
 s - a wand of paralysis (16)
 t - a wand of digging (5)
Scrolls
 b - 5 scrolls of brand weapon
 d - 2 scrolls of blinking
 f - a scroll of magic mapping
 n - 2 scrolls of teleportation
 w - a scroll of fear
 x - a scroll of amnesia {unknown}
 y - a scroll of noise {unknown}
Potions
 g - a potion of heal wounds
 j - a potion of might
 k - 5 potions of curing
 l - a potion of degeneration {unknown}
 m - a potion of cancellation {unknown}
 o - 2 potions of mutation
 p - a potion of magic {unknown}
 q - a potion of lignification {unknown}
 r - a potion of flight


   Skills:
 + Level 0.1 Fighting
 - Level 0.4 Short Blades
 - Level 1.7 Dodging
 - Level 1.7 Stealth
 + Level 7.2 Spellcasting
 + Level 10.7 Necromancy
 * Level 6.2 Invocations
 - Level 1.1 Evocations


You had 18 spell levels left.
You knew the following spells:

 Your Spells              Type           Power      Damage    Failure   Level
a - Pain                  Necr           100%       1d9       1%          1
b - Vampiric Draining     Necr           25%        2d9       1%          3

Your spell library contained the following spells:

 Spells                   Type           Power      Damage    Failure   Level
 Agony                    Necr           50%        N/A       3%          5
 Conjure Flame            Conj/Fire      7%         6-21      28%         3
 Ignite Poison            Fire/Tmut/Pois 7%         N/A       28%         3
 Stone Arrow              Conj/Erth      14%        3d7       28%         3
 Sticky Flame             Conj/Fire      7%         2d3       67%         4
 Lehudib's Crystal Spear  Conj/Erth      3%         10d3      100%        8
 Animate Skeleton         Necr           Unusable   N/A       N/A         1
 Animate Dead             Necr           Unusable   N/A       N/A         4
 Animate Armour           Summ/Erth      Unusable   N/A       N/A         4

Dungeon Overview and Level Annotations

Branches:
Dungeon (7/15)             Temple (0/1) D:7

Altars:
Okawaru

Shops:
D:7 [:?

Annotations:
D:5 2 runed translucent doors
D:6 1 runed translucent door, Crazy Yiuf
D:7 Harold


Innate Abilities, Weirdness & Mutations

((A demonic guardian rushes to your aid.))
Your movements are less encumbered by armour. (ER -4)
Spells you cast may paralyse nearby enemies.
You are frail. (-10% HP)
You are somewhat resistant to further mutation.
You expend magic power (3 MP) to strengthen your wands.


Message History

You struggle against the net.
Harold fires a harpoon shot at you. The harpoon shot hits you!
You are yanked forward by the harpoon shot.
You hit Harold but do no damage. Harold closely misses you.
Unknown command.
Casting: Pain (safe; 1% risk of failure)
Confirm with . or Enter, or press ? or * to list all spells.
Aiming: Vampiric Draining (safe; 1% risk of failure)
Press: ? - help, Shift-Dir - straight line, f - Harold
Aim: Harold, wielding a +4 short sword of holy wrath, wearing a +2 scale mail of willpower and quivering 3 throwing nets You draw life force from Harold!
You feel life coursing into your body. Malevolent energies surge around you.
Harold hits you with a +4 short sword of holy wrath!
* * * LOW HITPOINT WARNING * * *
You convulse!
* * * LOW HITPOINT WARNING * * *
Casting: Vampiric Draining (safe; 1% risk of failure)
Confirm with . or Enter, or press ? or * to list all spells.
Aiming: Vampiric Draining (safe; 1% risk of failure)
Press: ? - help, Shift-Dir - straight line, f/p - Harold
Aim: Harold, wielding a +4 short sword of holy wrath, wearing a +2 scale mail of willpower and quivering 3 throwing nets (lightly wounded)
You draw life force from Harold!
You feel life coursing into your body. Malevolent energies surge around you.
Harold hits you with a +4 short sword of holy wrath.
* * * LOW HITPOINT WARNING * * *
You convulse.
* * * LOW HITPOINT WARNING * * *
You feel much better. Harold closely misses you.
Casting: Vampiric Draining (safe; 1% risk of failure)
Confirm with . or Enter, or press ? or * to list all spells.
Aiming: Vampiric Draining (safe; 1% risk of failure)
Press: ? - help, Shift-Dir - straight line, f/p - Harold
Aim: Harold, wielding a +4 short sword of holy wrath, wearing a +2 scale mail of willpower and quivering 3 throwing nets (moderately wounded)
You draw life force from Harold!
You feel life coursing into your body! Malevolent energies surge around you.
Harold hits you with a +4 short sword of holy wrath!!
* * * LOW HITPOINT WARNING * * *
You convulse!
You die...

##.#.###.######.#
#.
#...............#
#.
###.#.#...#########
#. ##...#.###...###
#. #...##...###...#
#(
##...#........#..#
#.
#...##..>..##....#
#. #.#........#..##
# #.
#..(###..@##..# #.
#.....###@# .# #.
#.###...#.# # ##
##.###.#....
#...##)...#.#
#.....# #....#
............(...
####.....#######.
##...##


You could see Harold.

Vanquished Creatures
  Pikel (D:5)
  Sigmund (D:5)
  A water moccasin (D:6)
  An orc warrior (D:7)
  4 ogres
  2 ice beasts (D:5)
  2 phantoms (D:6)
  Blork the orc (D:5)
  A kobold brigand (D:6)
  A gnoll sergeant (D:6)
  A scorpion (D:4)
  A water moccasin zombie (D:7)
  A howler monkey (D:5)
  A centaur zombie (D:6)
  6 hounds
  4 jellies
  2 orc priests (D:7)
  A bullfrog skeleton (D:6)
  A centaur skeleton (D:7)
  An orc wizard (D:7)
  An iguana (D:5)
  A killer bee zombie (D:6)
  A hound zombie (D:5)
  A howler monkey zombie (D:6)
  12 gnolls
  9 adders
  An adder skeleton (D:4)
  A dart slug (D:3)
  15 orcs
  5 bats
  7 endoplasms
  3 giant cockroaches (D:1)
  9 goblins
  7 hobgoblins
  7 jackals
  4 quokkas
  13 ball pythons
  5 frilled lizards
  10 kobolds
  2 rats (D:1)
148 creatures vanquished.

Vanquished Creatures (others)
  A fungus (D:6)
  A plant (D:2)
2 creatures vanquished.

Grand Total: 150 creatures vanquished

Notes
Turn   | Place    | Note
-------+----------+-------------------------------------------
     0 | D:1      | ytrimaz the Demonspawn Necromancer began the quest for the
                  | Orb.
     0 | D:1      | Reached XP level 1. HP: 13/13 MP: 3/3
   287 | D:1      | Gained mutation: Spells you cast may paralyse adjacent
                  | enemies. [demonic ancestry]
   287 | D:1      | Reached XP level 2. HP: 15/19 MP: 0/5
   410 | D:1      | Reached skill level 5 in Necromancy
   666 | D:1      | Found a faded altar of an unknown god.
   675 | D:1      | Prayed at the altar of an unknown god.
   675 | D:1      | Became a worshipper of Warmaster Okawaru
   675 | D:1      | Reached * piety under Okawaru
  1286 | D:2      | Gained mutation: Spells you cast may paralyse nearby
                  | enemies. [demonic ancestry]
  1286 | D:2      | Reached XP level 3. HP: 23/24 MP: 4/6
  1709 | D:2      | Learned a level 3 spell: Vampiric Draining
  1732 | D:3      | Found an iron altar of Okawaru.
  1735 | D:3      | You fall into a shaft and drop 1 floor!
  1832 | D:4      | Reached skill level 6 in Necromancy
  1832 | D:4      | Gained mutation: Your movements are slightly less
                  | encumbered by armour. (ER -2) [demonic ancestry]
  1832 | D:4      | Reached XP level 4. HP: 25/30 MP: 1/7
  2490 | D:3      | Gained mutation: Your movements are less encumbered by
                  | armour. (ER -4) [demonic ancestry]
  2490 | D:3      | Reached XP level 5. HP: 33/35 MP: 5/8
  2581 | D:3      | Reached skill level 7 in Necromancy
  3956 | D:4      | Reached skill level 1 in Invocations
  3956 | D:4      | Gained mutation: A weak demonic guardian rushes to your
                  | aid. [demonic ancestry]
  3956 | D:4      | Reached XP level 6. HP: 38/41 MP: 5/9
  4590 | D:4      | Reached ** piety under Okawaru
  4749 | D:5      | Entered Level 5 of the Dungeon
  4785 | D:5      | Found a runed translucent door.
  4789 | D:5      | Reached skill level 8 in Necromancy
  4792 | D:5      | Found a runed translucent door.
  4792 | D:5      | Noticed a vampire mosquito
  4839 | D:5      | Noticed Sigmund
  4856 | D:5      | Killed Sigmund
  4857 | D:5      | Reached XP level 7. HP: 26/46 MP: 0/12
  5146 | D:5      | Noticed Pikel
  5159 | D:5      | Killed Pikel
  5160 | D:5      | Reached skill level 5 in Spellcasting
  5160 | D:5      | Reached skill level 9 in Necromancy
  5160 | D:5      | Reached XP level 8. HP: 47/52 MP: 4/15
  5646 | D:5      | Noticed Blork the orc
  5655 | D:5      | Killed Blork the orc
  6051 | D:5      | Reached skill level 5 in Invocations
  6714 | D:6      | Reached *** piety under Okawaru
  6735 | D:6      | Identified the +0 pair of boots "Lujisaume" {rElec}
  7486 | D:6      | Reached skill level 10 in Necromancy
  8123 | D:6      | Gained mutation: A demonic guardian rushes to your aid.
                  | [demonic ancestry]
  8123 | D:6      | Reached XP level 9. HP: 54/57 MP: 13/18
  8745 | D:6      | Found a runed translucent door.
  8746 | D:6      | Noticed Crazy Yiuf
  8761 | D:6      | Gained mutation: You are occasionally teleported next to
                  | monsters. [potion of mutation]
  8761 | D:6      | Gained mutation: You are frail. (-10% HP) [potion of
                  | mutation]
  8761 | D:6      | Gained mutation: You expend magic power (3 MP) to
                  | strengthen your wands. [potion of mutation]
  8762 | D:6      | Lost mutation: You are frail. (-10% HP) [potion of
                  | mutation]
  8762 | D:6      | Lost mutation: You are occasionally teleported next to
                  | monsters. [potion of mutation]
  8762 | D:6      | Lost mutation: You expend magic power (3 MP) to strengthen
                  | your wands. [potion of mutation]
  8762 | D:6      | Gained mutation: You expend magic power (3 MP) to
                  | strengthen your wands. [potion of mutation]
  8762 | D:6      | Gained mutation: You are somewhat resistant to further
                  | mutation. [potion of mutation]
  8762 | D:6      | Gained mutation: You are frail. (-10% HP) [potion of
                  | mutation]
  8926 | D:7      | Reached skill level 1 in Evocations
  9483 | D:7      | Found Optiquq's Magic Scroll Emporium.
  9488 | D:7      | Found Duos's Book Shop.
  9490 | D:7      | Found Zimmy's Armour Shop.
  9853 | D:7      | Found a staircase to the Ecumenical Temple.
  9901 | D:7      | Noticed Harold
  9915 | D:7      | Slain by Harold

Illustrated notes

Levels and vault maps discovered:
D:1:      dpeg_arrival_ternary, layout_basic, shapermc_ecumenical_altar_pompeii,
          minmay_tripent
D:2:      layout_rooms, serial_bayou_pond_b
D:3:      layout_basic, mainiacjoe_overflow_small_starburst, minmay_liquid_box
D:4:      layout_basic, minmay_snake_closets
D:5:      lemuel_insect_pit, layout_basic, uniq_sigmund, uniq_blork_the_orc,
          uniq_pikel
D:6:      layout_basic, uniq_crazy_yiuf_cottage
D:7:      layout_loops_ring, minmay_temple_entry_slanted,
          nicolae_wooded_promenade, amethyst_killhole, uniq_harold

Skill      XL: |  1  2  3  4  5  6  7  8  9 |
---------------+----------------------------+-----
Necromancy     | 5 6 7 8 9 10 | 10.7
Invocations    | 1 2 4 5 6 |  6.2
Spellcasting   | 3 5 6 7 |  7.2
Evocations     | 1 |  1.1
Fighting       | |  0.1
Short Blades   | |  0.4
Dodging        | |  1.7
Stealth        | |  1.7

Action                   |  1- 3 |  4- 6 |  7- 9 || total
-------------------------+-------+-------+-------++-------
Melee: Unarmed           |     7 |       |       ||     7
       Dagger            |     7 |    24 |   185 ||   216
       Punch             |       |       |     1 ||     1
 Cast: Pain              |    52 |   113 |   107 ||   272
       Vampiric Draining |       |     6 |    16 ||    22
Invok: Heroism           |       |       |     2 ||     2
Evoke: Wand              |       |       |     2 ||     2
  Use: Scroll            |     5 |     3 |     5 ||    13
       Potion            |       |       |     6 ||     6
 Stab: Paralysed         |       |     7 |    28 ||    35
Armor: Robe              |     3 |     4 |    52 ||    59
Dodge: Dodged            |    15 |    28 |   137 ||   180

Table legend: (Time is in decaauts)
 A = Elapsed time spent in this place.
 B = Non-inter-level travel time spent in this place.
 C = Inter-level travel time spent in this place.
 D = Time resting spent in this place.
 E = Time spent auto-exploring this place.
 F = Levels seen in this place.
 G = Mean time per level.
                   A        B        C        D        E       F      G
               +--------+--------+--------+--------+--------+-----+--------+
         Total |   9911 |   9673 |    238 |   1573 |   6615 |   7 | 1415.9 |
       Dungeon |   9911 |   9673 |    238 |   1573 |   6615 |   7 | 1415.9 |
               +--------+--------+--------+--------+--------+-----+--------+

Top non-repeatable levels by time:
     D:6: 2134 daAuts
     D:4: 2109 daAuts
     D:5: 1920 daAuts
     D:1: 1262 daAuts
     D:7: 1103 daAuts
     D:3: 915 daAuts
     D:2: 465 daAuts
